 Dungeon Crawl Stone Soup version 0.31-a0-167-g1c394c0614 (webtiles) character file.

Game seed: 12940674480767807758

440 qw the Shooter (level 7, -5/64 HPs)
             Began as a Naga Hunter on June 14, 2023.
             Succumbed to an orc's poison
             ... on level 4 of the Dungeon.
             The game lasted 00:01:08 (2902 turns).

qw the Shooter (Naga Hunter)                        Turns: 2902, Time: 00:01:09

Health: -5/64      AC:  3    Str: 14    XL:     7   Next: 2%
Magic:  7/7        EV:  9    Int:  9    God:
Gold:   178        SH:  0    Dex: 16    Spells: 6/6 levels left

rFire   . . .        Y - +0 shortbow
rCold   . . .        (shield currently unavailable)
rNeg    . . .        c - +0 leather armour
rPois   +            (no helmet)
rElec   .            (no cloak)
rCorr   +            (no gloves)
SInv    +            (no barding)
Will    .....        (no amulet)
Stlth   ++           i - ring of resist corrosion
HPRegen 0.30/turn    (no ring)
MPRegen 0.10/turn

%: no passive effects
@: lethally poisoned (-5 -> -25), about to teleport, short of breath, very slow
A: AC +2, large, see invisible, deformed body, poison resistance, slowness 2,
spit poison 1, naga tail 1
a: Spit Poison


You were on level 4 of the Dungeon.
You visited 1 branch of the dungeon, and saw 4 of its levels.

You collected 178 gold pieces.


Innate Abilities, Weirdness & Mutations

Your serpentine skin is tough. (AC +2)
You have supernaturally acute eyesight. (SInv)
Armour fits poorly on your strangely shaped body.
Your system is resistant to poisons. (rPois)
You cover ground very slowly.
You can spit poison.
You have a snake-like lower body.


   Skills:
 - Level 4.0 Fighting
 + Level 6.6 Ranged Weapons
 - Level 1.5 Dodging
 - Level 1.5 Stealth


You had 6 spell levels left.
You didn't know any spells.
Your spell library was empty.

Inventory:

Hand Weapons
 Y - a +0 shortbow (weapon)
Armour
 c - a +0 leather armour (worn)
 n - a +0 leather armour of positive energy
Jewellery
 i - a ring of resist corrosion (left hand)
 k - a ring of fire
Scrolls
 a - a scroll of identify
 e - a scroll of blinking {unknown}
Potions
 b - a potion of haste {unknown}
 g - a potion of lignification {unknown}
 h - a potion of resistance {unknown}
 j - a potion of curing {unknown}
 l - a potion of degeneration {unknown}
 m - a potion of magic {unknown}
 o - a potion of berserk rage {unknown}

Dungeon Overview and Level Annotations

Branches:
Dungeon (4/15)
 Temple: D:4-7

Altars:
Yredelemnul

Annotations:
D:4 1 runed translucent door


Message History

Press: ? - help, Shift-Dir - straight line, f - orc The splash of poison hits the orc but does no damage.
The orc is poisoned.
You feel sick. The orc barely misses you.
You shoot an arrow.
The arrow hits the orc but does no damage.
You feel sick. The orc hits you but does no damage.
The orc hits you with a +2 vampiric dagger.
You shoot an arrow.
The arrow hits the orc but does no damage.
You feel sick.
The orc hits you from afar with a +1 trident of venom!
You are more poisoned.
The orc barely misses you.
You shoot an arrow.
The arrow hits the orc but does no damage.
The orc is lightly wounded.
You have got your breath back.
You feel very sick.
The orc hits you from afar with a +1 trident of venom.
You are lethally poisoned!
The orc hits you but does no damage.
2900 ||| INVOKING Spit Poison.
Aiming: Spit Poison (1% risk of failure)
Press: ? - help, Shift-Dir - straight line, f/p - orc The splash of poison misses the orc.
You feel very sick.
The orc hits you from afar with a +1 trident of venom.
You are more poisoned.
The orc hits you with a +2 vampiric dagger.
The orc draws strength from your wounds!
2901 ||| READING scroll of teleportation.
As you read the scroll of teleportation, it crumbles to dust.
You feel strangely unstable.
You feel very sick. The orc barely misses you. x2
You shoot an arrow.
The arrow hits the orc but does no damage.
The orc is lightly wounded.
You die...

### .. .# .
######.# ..
#......###.#
#..........# ###
#..#.....##
##.#####..##@o.##
#.#.......##).##
#####.#####.###o...
#.......# #.#
#).### #.#####.#
#.. ...# #.##....#
#####).. #.##....#
.... #.##....#
..... ##.#####.####


You could see 2 orcs.

Vanquished Creatures
  A scorpion (D:4)
  3 orc priests (D:4)
  A hound (D:4)
  A human skeleton (D:4)
  3 orc wizards (D:4)
  8 adders
  2 worms (D:3)
  2 dart slugs
  8 orcs
  4 endoplasms (D:3)
  2 giant cockroaches (D:3)
  8 goblins
  9 hobgoblins
  6 kobolds
  A quokka (D:1)
  6 ball pythons
  7 bats
  5 frilled lizards
  4 rats
81 creatures vanquished.

Notes
Turn   | Place    | Note
-------+----------+-------------------------------------------
     0 | D:1      | qw the Naga Hunter began the quest for the Orb.
     0 | D:1      | Reached XP level 1. HP: 19/19 MP: 1/1
     0 | D:1      | 0 ||| qw: Version: 0.2-a-29-g1fa15c8
     0 | D:1      | 0 ||| qw: Game counter: 4958
     0 | D:1      | 0 ||| qw: Always use a shield: true
     0 | D:1      | 0 ||| qw: God list: Okawaru
     0 | D:1      | 0 ||| qw: Allow faded altars: false
     0 | D:1      | 0 ||| qw: Do Orc after D:15 true
     0 | D:1      | 0 ||| qw: Do second Lair branch before Depths: true
     0 | D:1      | 0 ||| qw: Lair rune preference: random
     0 | D:1      | 0 ||| qw: Plans: Normal
     0 | D:1      | 0 ||| PLANNING D:1-11
    54 | D:1      | 54 ||| INVOKING Spit Poison.
    59 | D:1      | 59 ||| INVOKING Spit Poison.
    63 | D:1      | 63 ||| INVOKING Spit Poison.
    68 | D:1      | 68 ||| INVOKING Spit Poison.
   157 | D:1      | 157 ||| INVOKING Spit Poison.
   161 | D:1      | 161 ||| INVOKING Spit Poison.
   184 | D:1      | 184 ||| INVOKING Spit Poison.
   212 | D:1      | Reached skill level 4 in Ranged Weapons
   212 | D:1      | Reached XP level 2. HP: 26/26 MP: 2/2
   274 | D:1      | 274 ||| INVOKING Spit Poison.
   290 | D:1      | 290 ||| INVOKING Spit Poison.
   348 | D:1      | Found a faded altar of an unknown god.
   362 | D:1      | 362 ||| INVOKING Spit Poison.
   417 | D:1      | 417 ||| INVOKING Spit Poison.
   456 | D:1      | 456 ||| INVOKING Spit Poison.
   514 | D:1      | 514 ||| INVOKING Spit Poison.
   518 | D:1      | 518 ||| INVOKING Spit Poison.
   521 | D:1      | 521 ||| INVOKING Spit Poison.
   700 | D:1      | 700 ||| READING 3 scrolls labelled JAJIX ZEYXZOON.
   701 | D:1      | 701 ||| READING scroll labelled BUEDAO EDOYW.
   702 | D:1      | 702 ||| READING 2 scrolls of identify.
   702 | D:1      | 702 ||| IDENTIFYING grey potion
   703 | D:1      | 703 ||| DROPPING scroll of butterflies.
   740 | D:2      | 740 ||| INVOKING Spit Poison.
   779 | D:2      | 779 ||| INVOKING Spit Poison.
   820 | D:2      | 820 ||| INVOKING Spit Poison.
   821 | D:2      | Reached XP level 3. HP: 32/32 MP: 3/3
   922 | D:2      | 922 ||| INVOKING Spit Poison.
   989 | D:2      | 989 ||| INVOKING Spit Poison.
   995 | D:2      | 995 ||| INVOKING Spit Poison.
  1001 | D:2      | 1001 ||| INVOKING Spit Poison.
  1126 | D:2      | 1126 ||| INVOKING Spit Poison.
  1233 | D:2      | 1233 ||| INVOKING Spit Poison.
  1240 | D:2      | 1240 ||| INVOKING Spit Poison.
  1241 | D:2      | Reached skill level 5 in Ranged Weapons
  1241 | D:2      | Reached XP level 4. HP: 27/39 MP: 4/4
  1345 | D:2      | 1345 ||| INVOKING Spit Poison.
  1392 | D:2      | 1392 ||| INVOKING Spit Poison.
  1395 | D:2      | 1395 ||| INVOKING Spit Poison.
  1401 | D:2      | 1401 ||| INVOKING Spit Poison.
  1465 | D:2      | 1465 ||| INVOKING Spit Poison.
  1476 | D:2      | 1476 ||| INVOKING Spit Poison.
  1479 | D:2      | 1479 ||| INVOKING Spit Poison.
  1483 | D:2      | 1483 ||| INVOKING Spit Poison.
  1514 | D:2      | 1514 ||| INVOKING Spit Poison.
  1673 | D:2      | 1673 ||| UPGRADING to ring of resist corrosion.
  1674 | D:2      | 1674 ||| READING scroll labelled CULULO HIA.
  1675 | D:2      | 1675 ||| READING scroll labelled YRAOCE PIOPRUPP.
  1753 | D:3      | 1753 ||| INVOKING Spit Poison.
  1756 | D:3      | 1756 ||| INVOKING Spit Poison.
  1816 | D:3      | 1816 ||| INVOKING Spit Poison.
  1840 | D:3      | 1840 ||| INVOKING Spit Poison.
  1861 | D:3      | 1861 ||| INVOKING Spit Poison.
  1863 | D:3      | Reached skill level 3 in Fighting
  1899 | D:3      | 1899 ||| INVOKING Spit Poison.
  1905 | D:3      | 1905 ||| INVOKING Spit Poison.
  1906 | D:3      | 1906 ||| INVOKING Spit Poison.
  1914 | D:3      | 1914 ||| INVOKING Spit Poison.
  1951 | D:3      | 1951 ||| INVOKING Spit Poison.
  1990 | D:3      | 1990 ||| INVOKING Spit Poison.
  2026 | D:3      | 2026 ||| INVOKING Spit Poison.
  2072 | D:3      | 2072 ||| INVOKING Spit Poison.
  2073 | D:3      | Reached XP level 5. HP: 49/49 MP: 5/5
  2093 | D:3      | 2093 ||| INVOKING Spit Poison.
  2294 | D:3      | 2294 ||| INVOKING Spit Poison.
  2319 | D:3      | 2319 ||| READING scroll labelled TAPHIN NUEQ.
  2339 | D:4      | 2339 ||| INVOKING Spit Poison.
  2342 | D:4      | 2342 ||| INVOKING Spit Poison.
  2346 | D:4      | 2346 ||| INVOKING Spit Poison.
  2394 | D:4      | 2394 ||| INVOKING Spit Poison.
  2397 | D:4      | 2397 ||| INVOKING Spit Poison.
  2403 | D:4      | 2403 ||| INVOKING Spit Poison.
  2414 | D:4      | 2414 ||| INVOKING Spit Poison.
  2417 | D:4      | 2417 ||| INVOKING Spit Poison.
  2421 | D:4      | 2421 ||| INVOKING Spit Poison.
  2425 | D:4      | Reached skill level 6 in Ranged Weapons
  2425 | D:4      | Reached XP level 6. HP: 47/56 MP: 6/6
  2428 | D:4      | 2428 ||| INVOKING Spit Poison.
  2456 | D:4      | 2456 ||| INVOKING Spit Poison.
  2502 | D:4      | 2502 ||| INVOKING Spit Poison.
  2505 | D:4      | 2505 ||| INVOKING Spit Poison.
  2634 | D:4      | Found a runed translucent door.
  2634 | D:4      | Noticed a human
  2640 | D:4      | Found a basalt altar of Yredelemnul.
  2708 | D:4      | Noticed an ice beast
  2709 | D:4      | 2709 ||| INVOKING Spit Poison.
  2712 | D:4      | 2712 ||| INVOKING Spit Poison.
  2718 | D:4      | 2718 ||| INVOKING Spit Poison.
  2725 | D:4      | HP: 14/57 [ice beast (2)]
  2725 | D:4      | HP: 2/57 [ice beast (12)]
  2726 | D:4      | 2726 ||| READING 2 scrolls of teleportation.
  2727 | D:4      | 2727 ||| DRINKING potion of heal wounds.
  2817 | D:4      | Identified the +1 spear of Crusades {flame, +Blink Will+
                  | Str+3 Stlth-}
  2888 | D:4      | 2888 ||| INVOKING Spit Poison.
  2893 | D:4      | 2893 ||| INVOKING Spit Poison.
  2896 | D:4      | Reached XP level 7. HP: 47/64 MP: 7/7
  2896 | D:4      | 2896 ||| INVOKING Spit Poison.
  2900 | D:4      | 2900 ||| INVOKING Spit Poison.
  2900 | D:4      | HP: 16/64 [poisoned by an orc]
  2900 | D:4      | HP: 7/64 [orc/+2 vampiric dagger (3)]
  2901 | D:4      | 2901 ||| READING scroll of teleportation.
  2901 | D:4      | HP: 1/64 [poisoned by an orc]
  2902 | D:4      | Succumbed to an orc's poison

Levels and vault maps discovered:
D:1:      psy_arrival_conway, layout_loops_ring,
          hellmonk_ecumenical_altar_zigzags
D:2:      minmay_chambers_of_twos, layout_basic
D:3:      layout_basic, minmay_misc_feat_tiny
D:4:      layout_loops_corners, dk_yredelemnul_ordeal, serial_shops,
          nicolae_shop_advertising_works [nicolae_subvault_shop_adworks]

Skill      XL: |  1  2  3  4  5  6 |
---------------+-------------------+-----
Ranged Weapons | 4 5 6 |  6.6
Fighting       | 3 4 |  4.0
Dodging        | |  1.5
Stealth        | |  1.5

Action                     |  1- 3 |  4- 6 |  7- 9 || total
---------------------------+-------+-------+-------++-------
   Fire: Shortbow          |    65 |   136 |     4 ||   205
Ability: Spit Poison       |    25 |    41 |     2 ||    68
    Use: Scroll            |     3 |     4 |     1 ||     8
         Potion            |       |     1 |       ||     1
 Armour: Leather armour    |     7 |    15 |     2 ||    24
  Dodge: Dodged            |    28 |    25 |     4 ||    57

Table legend:
 A = Non-vault XP
 B = Vault XP
 C = Vault XP percentage of total XP
 D = Non-vault monster count
 E = Vault monster count
 F = Vault count percentage of total count
                 A         B        C        D         E       F
            +---------+---------+-------+---------+---------+-------
      Total |     561 |      68 |  10.8 |      72 |       9 |  11.1
            +---------+---------+-------+---------+---------+-------
        D:1 |      25 |       0 |   0.0 |      17 |       0 |   0.0
        D:2 |      78 |      28 |  26.4 |      14 |       8 |  36.4
        D:3 |      45 |       0 |   0.0 |      19 |       0 |   0.0
        D:4 |     413 |      40 |   8.8 |      22 |       1 |   4.3
            +---------+---------+-------+---------+---------+-------
